 Dungeon Crawl Stone Soup version 0.18.1-8-gdd0e5ea (webtiles) character file.

46 santipi the Firebug (level 3, -2/19 HPs)
             Began as a Deep Elf Fire Elementalist on June 9, 2016.
             Was an Initiate of Fedhas.
             Slain by a quokka (3 damage)
             ... on level 2 of the Dungeon.
             The game lasted 00:05:59 (1301 turns).

santipi the Firebug (Deep Elf Fire Elementalist)    Turns: 1301, Time: 00:06:00

Health: -2/19      AC:  2    Str:  5    XL:     3   Next: 44%
Magic:  0/10       EV: 13    Int: 20    God:    Fedhas [......]
Gold:   36         SH:  0    Dex: 15    Spells: 2 memorised, 6 levels left

rFire  . . .     SeeInvis .     f - +0 dagger
rCold  . . .     Gourm    .     a - +0 robe
rNeg   . . .     Faith    .     (no shield)
rPois  .         Spirit   .     (no helmet)
rElec  .         Dismiss  .     (no cloak)
rCorr  .         Reflect  .     (no gloves)
SustAt .         Harm     .     (no boots)
MR     .....                    (no amulet)
Stlth  ++........               (no ring)
                                (no ring)

@: not resistant to hostile enchantments, unstealthy
A: no striking features
a: Renounce Religion


You were on level 2 of the Dungeon.
You worshipped Fedhas.
Fedhas was noncommittal.
You were not hungry.

You visited 1 branch of the dungeon, and saw 2 of its levels.

You collected 36 gold pieces.

Inventory:

Hand Weapons
 f - a +0 dagger (weapon)
Armour
 a - a +0 robe (worn)
Scrolls
 e - 2 scrolls of random uselessness {unknown}
 g - a scroll of teleportation {unknown}
Potions
 h - a potion of curing {unknown}
 i - a potion of might {unknown}
 j - a potion of cure mutation {unknown}
 l - a potion of flight {unknown}
 m - a potion of heal wounds {unknown}
Books
 b - a book of Flames

   Spells                             Type                      Level
   a - Flame Tongue                   Conjuration/Fire             1
   b - Throw Flame                    Conjuration/Fire             2
   c - Conjure Flame                  Conjuration/Fire             3
   d - Inner Flame                    Hexes/Fire                   3
   e - Sticky Flame                   Conjuration/Fire             4
   f - Fireball                       Conjuration/Fire             5
Comestibles
 c - 2 bread rations
 d - a chunk of flesh
 k - a meat ration


   Skills:
 + Level 0.2 Fighting
 + Level 2.9 Dodging
 + Level 2.8 Stealth
 + Level 3.6 Spellcasting
 + Level 1.5 Conjurations
 + Level 3.8 Fire Magic


You had 6 spell levels left.
You knew the following spells:

 Your Spells              Type           Power        Failure   Level  Hunger
a - Flame Tongue          Conj/Fire      ##...        4%          1    None
b - Throw Flame           Conj/Fire      ##....       10%         2    ##.....


Dungeon Overview and Level Annotations

Branches:
Dungeon (2/15)

Altars:
Fedhas


Message History

The quokka bites you.
* * * LOW HITPOINT WARNING * * *
Casting: Throw Flame
Confirm with . or Enter, or press ? or * to list all spells.
Aiming: Throw Flame
Press: ? - help, Shift-Dir - straight line, f/p - quokka
Aim: a quokka (heavily wounded)
The puff of flame misses the quokka.
The quokka barely misses you.
You closely miss the quokka.
The quokka is heavily wounded.
The quokka bites you.
* * * LOW HITPOINT WARNING * * *
Casting: Throw Flame
Confirm with . or Enter, or press ? or * to list all spells.
Aiming: Flame Tongue
Press: ? - help, Shift-Dir - straight line, f/p - quokka
Aim: a quokka (heavily wounded)
The flame tongue misses the quokka.
The quokka bites you.
You die...
Fedhas appreciates your contribution to the ecosystem.

...# ##..... ####..##
..... ......# #....
####.....# r...
#........# #).#
#.##.....# #..#
#.#......#
##.###..###...≈.≈.≈#
.......†r@....≈≈≈≈≈#
######.####.)#≈≈_≈≈##
#. #.#..≈≈≈..# #.
#.#....≈..# #.
#....<....# ..
###<.###### $r #..#
## #.... #..###


You could see a quokka.

Vanquished Creatures
  A gnoll (D:1)
  2 dart slugs (D:1)
  A giant gecko (D:1)
  A ball python (D:1)
  4 goblins
  4 hobgoblins (D:1)
  3 jackals (D:1)
  3 kobolds
  5 bats (D:1)
  3 giant newts (D:1)
  3 rats
30 creatures vanquished.

Notes
Turn   | Place    | Note
--------------------------------------------------------------
     0 | D:1      | santipi the Deep Elf Fire Elementalist began the quest for the Orb.
     0 | D:1      | Reached XP level 1. HP: 10/10 MP: 6/6
    93 | D:1      | Reached XP level 2. HP: 13/15 MP: 4/8
   253 | D:1      | Learned a level 2 spell: Throw Flame
  1019 | D:1      | Reached XP level 3. HP: 19/19 MP: 3/10
  1248 | D:2      | Found a blossoming altar of Fedhas.
  1254 | D:2      | Became a worshipper of Fedhas Madash
  1301 | D:2      | Slain by a quokka

Action                   || total
-------------------------++-------
Melee: Unarmed           ||     5
       Dagger            ||    63
 Cast: Flame Tongue      ||    20
       Throw Flame       ||    18
 Stab: Sleeping          ||     3
  Eat: Chunk             ||     2
Armor: Robe              ||     9
Dodge: Dodged            ||    56
